General information
- name: BNet
- type: Ladder 1vs1/FFA
- host: Battle.net
- saver: greegrawwgranny
map: TirisfalGlades
- players: 2
- length: 24:02
- speed: Fast
- version: 1.26 W3XP
- replay type: Public
» download(70 KB)
Players
team 1 (loser)
CoWBeLL (
blue | 55 APM | 1312 actions | 24:00)
3 Blademaster
2 Wind Walk
1 Critical Strike
3 Shadow Hunter
1 Hex
2 Healing Wave
3 Tauren Chieftain
1 Endurance Aura
2 War Stomp
» actions
| Assign group hotkey | 6 | |
| Basic commands | 21 | |
| Build / train | 70 | |
| Enter build submenu | 17 | |
| Enter hero's abilities submenu | 9 | |
| Give item / drop item | 3 | |
| Right click | 807 | |
| Select / deselect | 219 | |
| Select group hotkey | 98 | |
| Use ability | 62 | |
1312 total
» units
| Peon | 18 | |
| Wind Rider | 6 | |
| Shaman | 5 | |
| Raider | 6 | |
| Kodo Beast | 1 | |
| Demolisher | 3 | |
39 total
» upgrades
| Ranged Weapons | 1 | |
| Shaman Training | 2 | |
| Ensnare | 1 | |
| Melee Weapons | 1 | |
| Envenomed Spears | 1 | |
| Burning Oil | 1 | |
| War Drums Damage Increase | 1 | |
| Witch Doctor Training | 1 | |
9 total
» buildings
| Altar of Storms | 1 | |
| Orc Burrow | 7 | |
| Voodoo Lounge | 1 | |
| War Mill | 1 | |
| Watch Tower | 2 | |
| Stronghold | 1 | |
| Fortress | 1 | |
| Beastiary | 2 | |
| Spirit Lodge | 1 | |
| Barracks | 1 | |
18 total
» build order
00:10 Altar of Storms
00:21 Orc Burrow
00:47 Voodoo Lounge
01:31 War Mill
02:13 Orc Burrow
02:53 Watch Tower
03:32 Stronghold
04:21 Watch Tower
06:01 Fortress
06:04 Beastiary
06:15 Spirit Lodge
06:40 Orc Burrow
07:57 Orc Burrow
09:21 Beastiary
11:02 Barracks
11:13 Orc Burrow
13:02 Orc Burrow
16:53 Orc Burrow
» items
| Healing Salve | 1 | |
| Lesser Clarity Potion | 3 | |
| Circlet of Nobility | 1 | |
| Periapt of Vitality | 1 | |
| Potion of Mana | 2 | |
8 total
team 2 (winner)
greegrawwgranny (
pink | 64 APM | 1535 actions | 24:02)
5 Pandaren Brewmaster
3 Breath of Fire
2 Drunken Haze
» actions
| Assign group hotkey | 64 | |
| Basic commands | 34 | |
| Build / train | 138 | |
| ESC pressed | 3 | |
| Enter build submenu | 87 | |
| Enter hero's abilities submenu | 5 | |
| Give item / drop item | 4 | |
| Right click | 417 | |
| Select / deselect | 310 | |
| Select group hotkey | 245 | |
| Use ability | 228 | |
1535 total
» units
| Peasant | 30 | |
| Footman | 6 | |
| Mortar Team | 3 | |
| Sorceress | 1 | |
| Priest | 1 | |
41 total
» upgrades
| Masonry | 3 | |
| Lumber Harvesting | 2 | |
| Magic Sentry | 1 | |
| Gunpowder | 3 | |
| Fragmentation Shards | 1 | |
| Sorceress Training | 2 | |
| Flare | 1 | |
| Armor | 3 | |
| Priest Training | 1 | |
17 total
» buildings
| Barracks | 1 | |
| Farm | 5 | |
| Altar of Kings | 1 | |
| Scout Tower | 72 | |
| Arcane Tower | 2 | |
| Lumber Mill | 1 | |
| Town Hall | 2 | |
| Keep | 1 | |
| Guard Tower | 36 | |
| Arcane Vault | 1 | |
| Castle | 1 | |
| Arcane Sanctum | 1 | |
| Blacksmith | 1 | |
| Workshop | 2 | |
| Cannon Tower | 2 | |
129 total
» build order
00:15 Barracks
00:35 Farm
00:54 Farm
01:09 Altar of Kings
01:25 Farm
02:13 Farm
02:35 Scout Tower
03:05 Arcane Tower
03:55 Farm
04:19 Lumber Mill
04:39 Scout Tower
04:59 Town Hall
05:00 Scout Tower
05:01 Scout Tower
05:03 Scout Tower
05:20 Keep
05:29 Arcane Tower
05:46 Guard Tower
05:46 Guard Tower
05:56 Guard Tower
06:10 Guard Tower
06:10 Guard Tower
06:13 Scout Tower
06:32 Scout Tower
06:33 Scout Tower
06:34 Scout Tower
06:40 Scout Tower
06:40 Scout Tower
07:13 Guard Tower
07:15 Arcane Vault
07:37 Guard Tower
07:47 Castle
07:54 Scout Tower
07:54 Scout Tower
07:57 Scout Tower
08:02 Arcane Sanctum
08:07 Blacksmith
08:42 Guard Tower
08:44 Guard Tower
08:47 Workshop
09:21 Workshop
09:25 Scout Tower
09:26 Scout Tower
09:27 Scout Tower
09:30 Scout Tower
09:35 Scout Tower
09:48 Guard Tower
09:57 Guard Tower
10:02 Guard Tower
10:14 Scout Tower
10:21 Guard Tower
10:25 Scout Tower
10:53 Guard Tower
11:06 Guard Tower
11:12 Scout Tower
11:14 Scout Tower
11:18 Scout Tower
11:19 Scout Tower
11:21 Scout Tower
11:21 Scout Tower
11:24 Scout Tower
11:24 Scout Tower
11:43 Guard Tower
12:11 Guard Tower
13:32 Scout Tower
13:33 Scout Tower
13:37 Scout Tower
13:37 Scout Tower
13:39 Guard Tower
13:52 Guard Tower
13:54 Scout Tower
13:54 Scout Tower
13:55 Scout Tower
13:59 Scout Tower
13:59 Scout Tower
14:06 Guard Tower
14:10 Town Hall
14:13 Guard Tower
14:19 Scout Tower
14:20 Scout Tower
14:50 Guard Tower
15:21 Guard Tower
15:26 Guard Tower
15:34 Scout Tower
15:35 Scout Tower
16:09 Guard Tower
16:11 Scout Tower
16:11 Scout Tower
16:12 Scout Tower
16:22 Scout Tower
16:22 Scout Tower
16:23 Scout Tower
16:27 Scout Tower
16:28 Scout Tower
16:29 Scout Tower
16:42 Guard Tower
16:44 Guard Tower
16:47 Scout Tower
16:48 Scout Tower
16:51 Scout Tower
17:05 Guard Tower
17:05 Guard Tower
17:41 Scout Tower
17:41 Scout Tower
17:46 Guard Tower
17:50 Scout Tower
17:50 Scout Tower
17:53 Scout Tower
18:31 Guard Tower
18:45 Guard Tower
19:29 Scout Tower
19:29 Scout Tower
19:29 Scout Tower
19:37 Scout Tower
19:38 Scout Tower
19:40 Scout Tower
19:40 Scout Tower
19:44 Scout Tower
19:44 Scout Tower
19:45 Scout Tower
19:45 Scout Tower
20:12 Guard Tower
20:16 Scout Tower
20:16 Scout Tower
20:59 Guard Tower
21:08 Guard Tower
23:05 Cannon Tower
23:06 Cannon Tower
23:34 Guard Tower
» items
| Boots of Speed | 1 | |
| Staff of Teleportation | 1 | |
| Lesser Clarity Potion | 6 | |
| Scroll of Regeneration | 3 | |
| Ivory Tower | 20 | |
| Scroll of Town Portal | 1 | |
32 total
Chat log
(00:19 / All) greegrawwgranny: whats up granny
(00:34 / All) CoWBeLL: NOT MUCH FAGOT
(00:45 / All) greegrawwgranny: you will live to regret those words
(00:58 / All) CoWBeLL: CRY MORE
(18:50 / All) greegrawwgranny: tiem for the big suicide
(18:51 / All) greegrawwgranny: rofl
(19:56 / All) greegrawwgranny: this map should be called twix
(19:59 / All) greegrawwgranny: 2 for me, none for u
(21:59 / All) greegrawwgranny: rofl
(22:15 / All) greegrawwgranny: i have 9000 gold bro
(22:18 / All) greegrawwgranny: u are being toyed with